 Dungeon Crawl Stone Soup version 0.23-a0-650-ga4d50d4 (webtiles) character file.

9538 Borgoz the Fighter (level 11, -3/108 HPs)
             Began as a Gargoyle Gladiator on Jan 3, 2019.
             Was a Priest of Makhleb.
             Slain by a hellwing (4 damage)
             ... summoned by Frances
             ... on level 12 of the Dungeon.
             The game lasted 00:31:08 (10780 turns).

Borgoz the Fighter (Gargoyle Gladiator)            Turns: 10780, Time: 00:31:08

Health: -3/108     AC: 32    Str: 18    XL:     11   Next: 48%
Magic:  11/11      EV:  2    Int:  9    God:    Makhleb [***...]
Gold:   621        SH:  0    Dex: 14    Spells: 10/10 levels left

rFire    + . .     SeeInvis .   u - +2 morningstar (protect)
rCold    . . .     Gourm    .   (no shield)
rNeg     + + +     Faith    .   (armour currently unavailable)
rPois    ∞         Spirit   .   (helmet currently unavailable)
rElec    .         Reflect  .   (cloak currently unavailable)
rCorr    .         Harm     .   (gloves currently unavailable)
MR       .....     NoTele   +   (boots currently unavailable)
Stlth    +.........             A - amulet of regeneration
HPRegen  0.68/turn              C - ring of protection from fire (curse)
MPRegen  0.12/turn              (no ring)

@: tree-form, protection aura, berserk cooldown, slowed, very slow
A: negative energy resistance 1, petrification resistance, rot immunity, AC +8
a: Minor Destruction, Lesser Servant of Makhleb, Renounce Religion


You were on level 12 of the Dungeon.
You worshipped Makhleb.
Makhleb was most pleased with you.
You were full.
You were a tree.
You visited 2 branches of the dungeon, and saw 13 of its levels.
You also visited: Sewer.

You collected 686 gold pieces.
You spent 65 gold pieces at shops.

Inventory:

Hand Weapons
 u - a +2 morningstar of protection (weapon)
 I - a +1 dagger of chaos
Missiles
 d - 5 throwing nets (quivered)
Armour
 c - a +0 helmet (melded)
 w - the +1 robe "Oxinwid" (melded) {MR+ Str+3 Dex+2}
   (You found it on level 4 of the Dungeon)

   It affects your strength (+3).
   It affects your dexterity (+2).
   It affects your resistance to hostile enchantments.
 z - a +0 robe of fire resistance
Jewellery
 p - a +2 ring of strength {unknown}
 r - an uncursed amulet of the gourmand
 t - an uncursed ring of magical power {unknown}
 A - an amulet of regeneration (around neck)
 C - a cursed ring of protection from fire (left branch)
 E - an uncursed amulet of faith
Wands
 J - a wand of enslavement (9)
Scrolls
 g - a scroll of magic mapping
 l - a scroll of amnesia
 n - a scroll of blinking
 B - 3 scrolls of teleportation
 D - a scroll of remove curse
Potions
 a - a potion of ambrosia
 b - 2 potions of mutation
 e - 3 potions of brilliance {unknown}
 h - 3 potions of flight
 i - a potion of cancellation
 j - a potion of lignification
 m - 8 potions of curing
 o - 6 potions of heal wounds
 q - a potion of might
 H - 2 potions of resistance
Comestibles
 f - 19 rations
 s - 4 chunks of flesh


   Skills:
 + Level 9.9 Fighting
 + Level 9.4 Maces & Flails
 - Level 1.8 Throwing
 + Level 9.6 Armour
 + Level 7.9 Dodging


You had 10 spell levels left.
You didn't know any spells.
Your spell library contained the following spells:

 Spells                   Type           Power        Failure   Level  Hunger
 Flame Tongue             Conj/Fire      #....        38%         1    ##.....
 Infusion                 Chrm           #...         38%         1    ##.....
 Shroud of Golubria       Chrm/Tloc      #.........   52%         2    ###....
 Song of Slaying          Chrm           #.......     52%         2    ###....
 Throw Flame              Conj/Fire      #.....       52%         2    ###....
 Conjure Flame            Conj/Fire      #.......     77%         3    ####...
 Inner Flame              Hex/Fire       #.......     77%         3    ####...
 Regeneration             Chrm/Necr      #.........   77%         3    ####...
 Spectral Weapon          Hex/Chrm       #.......     77%         3    ####...
 Sticky Flame             Conj/Fire      #.......     99%         4    #####..
 Fireball                 Conj/Fire      #.........   100%        5    ######.


Dungeon Overview and Level Annotations

Branches:
Dungeon (12/15)            Temple (1/1) D:5            Lair (0/6) D:11
    Orc: D:9-12

Altars:
Ashenzari
Cheibriados
Dithmenos
Elyvilon
Fedhas
Gozag
Hepliaklqana
Kikubaaqudgha
Makhleb
Nemelex Xobeh
Okawaru
Qazlal
Ru
Sif Muna
Trog
Uskayaw
Vehumet
Wu Jian
Xom
Yredelemnul
Zin
The Shining One
Lugonu

Shops:
D:7 !

Annotations:
D:12 Frances


Innate Abilities, Weirdness & Mutations

You are resistant to torment.
((Your stone body is resilient. (AC +8)))
You are immune to poison.
You resist negative energy. (rN+)
((You are resistant to electric shocks. (rElec)))
((You can survive without breathing.))
You are immune to petrification.
You are immune to rotting.


Message History

You feel much better.
Frances mutters in a terrible tongue.
The iron shot misses you.
The iron shot hits the hellwing.
The soul eater hits you. The hellwing barely misses you.
The hellwing completely misses you.
A sky beast appears from thin air!
Reactivating autopickup.
The sky beast hits you but does no damage.
Frances hits you with a +2 long sword of protection!
You turn into a tree.
Your +0 helmet melds into your body.
The +1 robe "Oxinwid" {MR+ Str+3 Dex+2} melds into your body.
Your roots penetrate the ground.
The soul eater hits you but does no damage.
The hellwing hits you but does no damage. x2
The sky beast hits you but does no damage.
Frances screams a word of power!
The iron shot hits you!
* * * LOW HITPOINT WARNING * * *
The soul eater hits you but does no damage.
The hellwing hits you.
You die...

....# +..[.#
. #....#..
###......
#.....#
#<.(..#
#..#..#
#$[4..###+##
#...♣Y.....!
#...3@.#####
#......#
#........
#.....####
#.....#
+.....#
#######


You could see Frances, a soul eater, a hellwing and a sky beast.

Vanquished Creatures
  Erica (D:10)
  A two-headed ogre (D:9)
  Psyche (D:9)
  An orange demon (D:8)
  3 hornets (D:9)
  A hippogriff (D:10)
  7 yaks
  2 hungry ghosts
  A soldier ant (D:9)
  A water moccasin (D:7)
  3 orc warriors
  2 porcupines (D:11)
  3 sky beasts
  A hornet zombie (D:5)
  2 black bears
  A necrophage (D:9)
  5 ice beasts
  2 phantoms
  An ogre (D:7)
  2 centaurs (D:10)
  A big kobold (Sewer)
  10 bullfrogs
  A gnoll sergeant (D:6)
  2 scorpions
  3 killer bees (D:7)
  12 wights (D:8)
  2 howler monkeys
  5 crimson imps
  2 hounds
  6 iron imps (D:8)
  A centaur skeleton (D:11)
  A gnoll shaman (D:6)
  4 bullfrog skeletons
  A jelly (D:8)
  8 orc priests
  2 iguanas
  8 orc wizards
  7 worker ants
  A hound zombie (D:9)
  A hound skeleton (D:6)
  16 adders
  9 gnolls
  3 river rats (Sewer)
  A shadow imp (D:10)
  An ooze (D:1)
  4 worms
  An adder skeleton (D:5)
  A dart slug (D:1)
  10 leopard geckos
  41 orcs
  8 bats
  7 giant cockroaches
  10 goblins
  7 hobgoblins
  4 jackals
  9 kobolds
  2 quokkas
  2 frilled lizards
  A jackal skeleton (D:5)
  A quokka skeleton (D:4)
  11 rats
268 creatures vanquished.

Vanquished Creatures (collateral kills)
  2 black bears (D:11)
  A bullfrog (D:11)
  A scorpion (D:11)
4 creatures vanquished.

Vanquished Creatures (others)
  6 fungi (D:11)
6 creatures vanquished.

Grand Total: 278 creatures vanquished

Notes
Turn   | Place    | Note
-------+----------+-------------------------------------------
     0 | D:1      | Borgoz the Gargoyle Gladiator began the quest for the Orb.
     0 | D:1      | Reached XP level 1. HP: 12/12 MP: 1/1
    26 | D:1      | Reached XP level 2. HP: 17/17 MP: 2/2
   371 | D:1      | Reached skill level 1 in Armour
   484 | D:1      | Reached XP level 3. HP: 22/22 MP: 3/3
  1182 | D:2      | Reached XP level 4. HP: 27/27 MP: 4/4
  1227 | D:2      | You fall through a shaft!
  1485 | D:3      | Found a glowing drain.
  1556 | Sewer    | Entered a sewer
  1565 | Sewer    | Reached XP level 5. HP: 23/32 MP: 5/5
  1688 | Sewer    | Noticed a big kobold
  1713 | Sewer    | Killed a big kobold
  1731 | Sewer    | Found a white marble altar of Elyvilon.
  1807 | D:3      | Found a stormy altar of Qazlal.
  1929 | D:3      | Reached XP level 6. HP: 30/38 MP: 6/6
  2229 | D:2      | Found a sparkling altar of Nemelex Xobeh.
  2236 | D:2      | Found a glowing silver altar of Zin.
  2241 | D:2      | Found a shadowy altar of Dithmenos.
  2248 | D:2      | Found a hide-covered altar of Uskayaw.
  2253 | D:2      | Found an ancient bone altar of Kikubaaqudgha.
  2263 | D:2      | Found a deep blue altar of Sif Muna.
  2269 | D:2      | Found a sacrificial altar of Ru.
  3318 | D:4      | Reached XP level 7. HP: 22/43 MP: 7/7
  3485 | D:4      | Found a burning altar of Makhleb.
  3498 | D:4      | Got a smoking robe
  3509 | D:4      | Identified the +1 robe "Oxinwid" {MR+ Str+3 Dex+2} (You
                  | found it on level 4 of the Dungeon)
  3807 | D:5      | Entered Level 5 of the Dungeon
  3807 | D:5      | Noticed a hungry ghost
  3839 | D:5      | Reached skill level 5 in Maces & Flails
  3972 | D:5      | Found a staircase to the Ecumenical Temple.
  3983 | Temple   | Entered the Ecumenical Temple
  4224 | D:4      | Became a worshipper of Makhleb the Destroyer
  4261 | D:5      | Killed a hungry ghost
  4261 | D:5      | Reached skill level 5 in Fighting
  4261 | D:5      | Reached XP level 8. HP: 47/49 MP: 8/8
  4330 | D:5      | Found a basalt altar of Yredelemnul.
  5096 | D:5      | Reached skill level 5 in Armour
  5179 | D:6      | Found an ornate altar of the Wu Jian Council.
  5189 | D:6      | Reached * piety under Makhleb
  5421 | D:6      | Reached skill level 5 in Dodging
  5852 | D:6      | Reached XP level 9. HP: 48/56 MP: 9/9
  5961 | D:5      | Found a white marble altar of Elyvilon.
  5961 | D:5      | Found a burning altar of Makhleb.
  6250 | D:6      | Found a basalt altar of Yredelemnul.
  6905 | D:7      | Found Pisud's Distillery.
  6912 | D:7      | Bought a potion of heal wounds for 65 gold pieces
  7628 | D:8      | Reached ** piety under Makhleb
  7883 | D:8      | Reached XP level 10. HP: 47/64 MP: 10/10
  7946 | D:8      | Noticed a rust devil
  7947 | D:8      | Found a corrupted altar of Lugonu.
  7948 | D:8      | Noticed an orange demon
  7949 | D:8      | Noticed a rust devil
  7980 | D:8      | Killed an orange demon
  8591 | D:9      | Reached *** piety under Makhleb
  8967 | D:9      | Noticed Psyche
  8975 | D:9      | Killed Psyche
  9432 | D:9      | Noticed a two-headed ogre
  9439 | D:9      | Killed a two-headed ogre
  9571 | D:9      | Reached XP level 11. HP: 71/71 MP: 11/11
  9828 | D:10     | Entered Level 10 of the Dungeon
 10211 | D:10     | Noticed Erica
 10240 | D:10     | Killed Erica
 10755 | D:12     | Noticed Frances
 10758 | D:12     | Noticed a soul eater
 10780 | D:12     | HP: 1/108 [Frances/iron shot (47)]
 10780 | D:12     | Slain by a hellwing

Vault maps used:
D:1:      lemuel_arrival_lava_pool
D:2:      grunt_temple_overflow_octagram, first_ration
D:3:      overflow_temple_1_default, portal_sewer_entry_f,
          mrwooster_statue_mirror
D:4:      makhleb_heckhound_becter
D:5:      gammafunk_temple_overflow_elements, minmay_temple_entry_butterflies,
          yredelemnul_altar_generic
D:6:      marbit_many_paths, lemuel_round_altar, minivault_5
D:7:      serial_shops, nicolae_shop_stone
D:8:      lemuel_hellish_altar
D:9:      hangedman_pestilent_swarm, uniq_psyche
D:10:     uniq_erica
D:11:     kennysheep_seaside_town, due_lair_maze_entry_diamond,
          gauntlet_entry_generic
D:12:     erik_orc_1, serial_column_ruins, column_ruins_hut, column_ruins_hut,
          column_ruins_grid_1, column_ruins_grid_2, column_ruins_grid_2,
          column_ruins_open_small, small_statue_intersection,
          nicolae_ashenzari_panopticon, uniq_kirke, uniq_frances
Temple:   zaba_magenta_temple
Sewer:    sewer_kobolds

Skill      XL: |  1  2  3  4  5  6  7  8  9 10 11 |
---------------+----------------------------------+-----
Armour         | 1 2 3 4 5 7 8 9 |  9.6
Dodging        | 3 4 5 6 7 |  7.9
Fighting       | 3 4 5 6 7 9 |  9.9
Maces & Flails | 4 5 6 7 8 9 |  9.4
Throwing       | |  1.8

Action                   |  1- 3 |  4- 6 |  7- 9 | 10-12 || total
-------------------------+-------+-------+-------+-------++-------
Melee: Flail             |   103 |   238 |       |       ||   341
       Morningstar       |       |    24 |   343 |   327 ||   694
Evoke: Wand              |       |       |     1 |    15 ||    16
  Use: Scroll            |       |     6 |     2 |    16 ||    24
       Potion            |       |     1 |     1 |     6 ||     8
 Stab: Distracted        |       |       |     1 |       ||     1
       Invisible         |       |       |       |     7 ||     7
  Eat: Chunk             |     1 |     7 |    25 |    16 ||    49
       Ration            |       |       |     1 |       ||     1
Armor: Leather armour    |    38 |   122 |     5 |       ||   165
       Robe              |       |       |   164 |   110 ||   274
       Skin              |       |       |       |     5 ||     5
Dodge: Dodged            |    64 |   231 |   333 |   292 ||   920

Table legend:
 A = Non-vault XP
 B = Vault XP
 C = Vault XP percentage of total XP
 D = Non-vault monster count
 E = Vault monster count
 F = Vault count percentage of total count
                 A         B        C        D         E       F
            +---------+---------+-------+---------+---------+-------
      Total |    9737 |    3890 |  28.5 |     231 |      41 |  15.1
            +---------+---------+-------+---------+---------+-------
        D:1 |      42 |       0 |   0.0 |      18 |       0 |   0.0
        D:2 |      92 |       0 |   0.0 |      25 |       0 |   0.0
        D:3 |     219 |      15 |   6.4 |      32 |       6 |  15.8
        D:4 |     218 |      45 |  17.1 |      12 |       1 |   7.7
        D:5 |    1063 |       0 |   0.0 |      26 |       0 |   0.0
        D:6 |     701 |      88 |  11.2 |      25 |       1 |   3.8
        D:7 |    1253 |       0 |   0.0 |      19 |       0 |   0.0
        D:8 |    1124 |     648 |  36.6 |      21 |       7 |  25.0
        D:9 |    2506 |    1189 |  32.2 |      22 |       5 |  18.5
       D:10 |    2416 |     944 |  28.1 |      28 |       1 |   3.4
       D:11 |     103 |     810 |  88.7 |       3 |       8 |  72.7
      Sewer |       0 |     151 | 100.0 |       0 |      12 | 100.0
            +---------+---------+-------+---------+---------+-------
